Map: Catalyst LE

Players

llllIIIIllll

  • Race: Protoss Protoss
  • League: Master
  • Spawn Location: 11:00

Marzbar - Winner!

  • Race: Zerg Zerg
  • League: Diamond
  • Spawn Location: 5:00

VOD

Have the link to the VOD?

Description

Time

  • Played on: June 16, 2018, 9:35 p.m.
  • Length: 3:25
Show
View Real Time Build Order
Export as new Build Order

llllIIIIllll Protoss 

Build Orders:  

Get SALT Encoding   

  12  0:01  Probe  
  13  0:13  Probe  
  14  0:21  Pylon  
  14  0:28  Probe  
  15  0:40  Probe  
  16  0:45  Forge  
  16  0:52  Probe  
  16  0:55  Pylon  
  17  1:00  Probe  
  18  1:08  Probe  
  19  1:18  Probe  
  20  1:37  Probe  
  21  1:59  Probe  
  21  2:05  Assimilator  
  21  2:07  Assimilator  
  21  2:16  Photon Cannon  
  21  2:21  Photon Cannon  
  21  2:23  Gateway  
  21  2:25  Probe  
  21  2:37  Probe  
  22  2:46  Nexus  
  22  2:50  Probe  
  23  2:53  Pylon  
  23  2:56  Assimilator  
  23  3:00  Assimilator  
  23  3:01  Gateway  
  22  3:12  Photon Cannon  
  22  3:13  Photon Cannon  
  22  3:14  Photon Cannon  
  22  3:17  Photon Cannon  
Show
View Real Time Build Order
Export as new Build Order

Marzbar Zerg - Winner!

Build Orders: Hatch First 

Get SALT Encoding   

  12  0:01  Drone  
  13  0:13  Overlord  
  13  0:18  Drone  
  14  0:31  Drone x2  
  16  0:36  Drone  
  17  0:54  Hatchery  
  16  0:57  Drone  
  16  1:00  Drone  
  16  1:03  Extractor  
  17  1:19  Spawning Pool  
  17  1:20  Drone  
  17  1:41  Drone  
  17  1:43  Overlord, Drone  
  19  2:06  Queen  
  19  2:07  Queen  
  23  2:16  Zergling x2  
  23  2:17  Zergling x2  
  25  2:26  Zergling x4  
  27  2:34  Zergling x4  
  29  2:59  Drone  
  29  3:00  Drone x3  
  29  3:01  Overlord  
  29  3:02  Drone  
Tags
 
Matchup
PvZ
Replay Pack
June Replays
Spawn Locations
Cross Positions
Add a new tag
Caveats
  • Supply blocks, unpowered buildings, or Contaminate may cause inaccurate times.
  • Supply counts are checked every 10 seconds.